 Dungeon Crawl Stone Soup version 0.19-a0-1875-g4fea3da (webtiles) character file.

32 Alarkh the Charmwright (level 3, -23/27 HPs)
             Began as a Mummy Skald on Oct 13, 2016.
             Killed from afar by Ijyb (24 damage)
             ... with a wand of acid
             ... on level 2 of the Dungeon.
             The game lasted 00:01:11 (638 turns).

Alarkh the Charmwright (Mummy Skald)                 Turns: 638, Time: 00:01:12

Health: -23/27     AC:  0    Str: 15    XL:     3   Next: 8%
Magic:  3/6        EV: 11    Int: 12    God:
Gold:   57         SH:  0    Dex: 11    Spells: 3 memorised, 1 level left

rFire  . . .     SeeInvis .     a - +0 spear
rCold  + + .     Gourm    .     e - +1 leather armour {rF+}
rNeg   + + +     Faith    .     (no shield)
rPois  ∞         Spirit   .     (no helmet)
rElec  .         Dismiss  .     (no cloak)
rCorr  .         Reflect  .     (no gloves)
MR     .....     Harm     .     (no boots)
Stlth  +.........               (no amulet)
                                (no ring)
                                d - ring of protection from cold

@: infused, corroded
A: no food or potions, fire vulnerability, cold resistance 1, negative energy
resistance 3, torment resistance, unbreathing
a: no special abilities


You were on level 2 of the Dungeon.
You were not hungry.

You visited 1 branch of the dungeon, and saw 2 of its levels.

You collected 57 gold pieces.

Inventory:

Hand Weapons
 a - a +0 spear (weapon)
Armour
 b - a +0 leather armour
 e - a +1 leather armour of fire resistance (worn)
Jewellery
 d - a ring of protection from cold (left hand)
Scrolls
 h - a scroll of amnesia
Books
 c - a book of Battle

   Spells                             Type                      Level
   a - Infusion                       Charms                       1
   b - Shroud of Golubria             Charms/Translocation         2
   c - Song of Slaying                Charms                       2
   d - Spectral Weapon                Hexes/Charms                 3
   e - Regeneration                   Charms/Necromancy            3


   Skills:
 - Level 2.0 Fighting
 + Level 2.0 Polearms
 - Level 0.7 Armour
 - Level 0.7 Dodging
 + Level 2.6 Spellcasting
 + Level 2.7 Charms


You had one spell level left.
You knew the following spells:

 Your Spells              Type           Power        Failure   Level  Hunger
a - Infusion              Chrm           #...         12%         1    N/A
b - Shroud of Golubria    Chrm/Tloc      #.........   28%         2    N/A
c - Spectral Weapon       Hex/Chrm       #.......     56%         3    N/A

Dungeon Overview and Level Annotations

Branches:
Dungeon (2/15)

Altars:

Annotations:
D:2 Ijyb


Innate Abilities, Weirdness & Mutations

You do not eat or drink.
Your flesh is vulnerable to fire.
You are immune to poison.
Your flesh is cold resistant. (rC+)
You are immune to negative energy. (rN+++)
You are immune to unholy pain and torment.
You can survive without breathing.


Message History

Casting: Infusion
Confirm with . or Enter, or press ? or * to list all spells.
You extend your infusion's duration.
Ijyb hits you but does no damage.
Unknown command.
You hit Ijyb but do no damage.
Ijyb is moderately wounded.
Ijyb hits you with a dagger.
* * * LOW HITPOINT WARNING * * *
You barely miss Ijyb.
Ijyb is moderately wounded.
Ijyb barely misses you.
You hit Ijyb.
Ijyb is heavily wounded.
Ijyb hits you with a dagger.
* * * LOW HITPOINT WARNING * * *
You barely miss Ijyb.
Ijyb is heavily wounded.
Ijyb zaps a wand.
The bolt of acid hits you!
Ouch! That really hurt!
You die...

.#..# #.########
.#.)# #.# .#..#
#.# ....###.#
........#
...###### .### .#
###########.#.#
.##
##......@g.....#
..#
#.......####.###
..#######..####.#
............###.#
..###..##....##.#
.............##.#
..........#..#...
)......#........#
..###..#.......##


You could see Ijyb.

Vanquished Creatures
  An adder (D:2)
  An ooze (D:1)
  2 bats
  4 goblins
  4 hobgoblins
  4 kobolds
16 creatures vanquished.

Notes
Turn   | Place    | Note
-------+----------+-------------------------------------------
     0 | D:1      | Alarkh the Mummy Skald began the quest for the Orb.
     0 | D:1      | Reached XP level 1. HP: 16/16 MP: 3/3
   213 | D:1      | Reached XP level 2. HP: 22/22 MP: 0/5
   521 | D:2      | Reached XP level 3. HP: 17/27 MP: 1/6
   528 | D:2      | Learned a level 2 spell: Shroud of Golubria
   532 | D:2      | Learned a level 3 spell: Spectral Weapon
   624 | D:2      | Noticed Ijyb
   637 | D:2      | HP: 1/27 [Ijyb/dagger (4)]
   638 | D:2      | Killed from afar by Ijyb

Vault maps used:
D:1:      ncdulo_watergridlock, minivault_11
D:2:      uniq_iyjb, uniq_terence

Skill      XL: |  1  2 |
---------------+-------+-----
Polearms       | 2 |  2.0
Fighting       | |  2.0
Armour         | |  0.7
Dodging        | |  0.7
Spellcasting   | |  2.6
Charms         | |  2.7

Action                   || total
-------------------------++-------
Melee: Spear             ||    55
 Cast: Infusion          ||    11
  Use: Scroll            ||     2
Armor: Leather armour    ||    12
Dodge: Dodged            ||    25
